 Dungeon Crawl Stone Soup version 0.16.2-12-gd0ad4c3 (webtiles) character file.

22 faibistes the Cudgeler (level 2, 0/29 HPs)
             Began as an Ogre Warper on Dec 7, 2017.
             Slain by a goblin (4 damage)
             ... on level 1 of the Dungeon.
             The game lasted 00:02:49 (1009 turns).

faibistes the Cudgeler (Ogre Warper)                Turns: 1009, Time: 00:02:50

Health: 0/29       AC:  3    Str: 15    XL:     2   Next: 91%
Magic:  3/5        EV: 10    Int: 12    God:
Gold:   30         SH:  0    Dex:  9    Spells: 3 memorised, 1 level left

rFire  . . .     SeeInvis .     a - +0 mace
rCold  . . .     Clarity  .     b - +0 robe
rNeg   . . .     SustAb   .     (shield restricted)
rPois  .         Gourm    .     (helmet restricted)
rElec  .         Spirit   .     (no cloak)
rCorr  .         Warding  .     (gloves unavailable)
rMut   .         Stasis   .     (boots unavailable)
MR     +....                    (no amulet)
Stlth  +.........               (no ring)
                                k - ring of protection from magic

@: shrouded, somewhat resistant to hostile enchantments, very unstealthy
A: unfitting armour, tough skin 1
a: no special abilities


You were on level 1 of the Dungeon.
You were hungry.

You visited 1 branch of the dungeon, and saw 2 of its levels.

You collected 30 gold pieces.

Inventory:

Hand weapons
 a - a +0 mace (weapon)
Missiles
 e - 5 tomahawks of dispersal (quivered)
 i - 6 tomahawks
 n - 91 stones
Armour
 b - a +0 robe (worn)
Jewellery
 k - a ring of protection from magic (left hand)
Scrolls
 d - a scroll of blinking
 g - a scroll of identify {unknown}
 h - 3 scrolls of teleportation {unknown}
 j - a scroll of magic mapping {unknown}
 l - a scroll of amnesia {unknown}
 m - a scroll of remove curse {unknown}
Potions
 o - a potion of haste {unknown}
Books
 c - a book of Spatial Translocations

   Spells                             Type                      Level
   a - Apportation                    Translocation                1
   b - Blink                          Translocation                2
   c - Shroud of Golubria             Charms/Translocation         2
   d - Portal Projectile              Translocation                3
   e - Teleport Other                 Translocation                3
   f - Passage of Golubria            Translocation                4
Comestibles
 f - a meat ration
 p - 3 chunks of flesh


   Skills:
 + Level 2.6 Fighting
 * Level 3.1 Maces & Flails
 * Level 1.7 Throwing
 + Level 0.8 Armour
 - Level 1.7 Dodging
 * Level 2.9 Spellcasting
 * Level 2.3 Translocations


You had one spell level left.
You knew the following spells:

 Your Spells              Type           Power        Failure   Level  Hunger
a - Apportation           Tloc           #.........   12%         1    #......
c - Shroud of Golubria    Chrm/Tloc      #.........   28%         2    ###....
d - Blink                 Tloc           N/A          14%         2    ###....


Dungeon Overview and Level Annotations

Branches:
Dungeon (2/15)

Altars:


Innate Abilities, Weirdness & Mutations

You are too large for most types of armour.
You have tough skin (AC +1).


Message History

You hit the jackal.
You kill the jackal!
The jackal closely misses you.
You hit the jackal.
The jackal is almost dead.
The jackal barely misses you. The jackal bites you.
* * * LOW HITPOINT WARNING * * *
You barely miss the jackal.
The jackal is almost dead.
The jackal bites you but does no damage.
The jackal bites you.
* * * LOW HITPOINT WARNING * * *
You hit the jackal.
You kill the jackal!
Casting: Shroud of Golubria
Confirm with . or Enter, or press ? or * to list all spells.
Space distorts slightly along a thin shroud covering your body.
The goblin hits you but does no damage.
You barely miss the goblin. The goblin hits you.
You die...

.......# ........#
#........# #........#
#........#
##........###########
.....................
############.#######.....
........@g.......# #.....
...############..# #.....
.............# #.....
##########...# #.....
#.........# #.....
######.#####.#.#######.
#.......# #.#..######.
#.......# #.##........
#.......# #.##..#####.


You could see a goblin.

Vanquished Creatures
  3 bats (D:1)
  A giant cockroach (D:2)
  3 hobgoblins (D:1)
  7 jackals (D:1)
  A giant newt (D:2)
  2 goblins (D:1)
  A kobold (D:1)
  2 rats (D:1)
20 creatures vanquished.

Notes
Turn   | Place    | Note
--------------------------------------------------------------
     0 | D:1      | faibistes, the Ogre Warper, began the quest for the Orb.
     0 | D:1      | Reached XP level 1. HP: 22/22 MP: 3/3
   529 | D:1      | Reached XP level 2. HP: 29/29 MP: 5/5
   533 | D:1      | Learned a level 2 spell: Blink
   536 | D:1      | Learned a level 2 spell: Shroud of Golubria
   838 | D:2      | Reached skill level 3 in Maces & Flails
  1009 | D:1      | Slain by a goblin

Action                   || total
-------------------------++-------
Melee: Mace              ||    72
 Cast: Shroud of Golubri ||     3
